 Dungeon Crawl Stone Soup version 0.20.0 (webtiles) character file.

277 BrendanD the Skirmisher (level 6, -2/41 HPs)
             Began as a Gargoyle Berserker on June 8, 2017.
             Was a Priest of Trog.
             Slain by an ogre
             ... wielding a +0 giant club
              (6 damage)
             ... on level 4 of the Dungeon.
             The game lasted 00:06:59 (2706 turns).

BrendanD the Skirmisher (Gargoyle Berserker)        Turns: 2706, Time: 00:06:59

Health: -2/41      AC: 19    Str: 22    XL:     6   Next: 25%
Magic:  15/15      EV:  6    Int:  8    God:    Trog [***...]
Gold:   187        SH:  0    Dex:  9    Spells: 5/5 levels left

rFire    . . .     SeeInvis .   s - +0 flail
rCold    . . .     Gourm    .   (no shield)
rNeg     + . .     Faith    .   t - +1 plate armour
rPois    ∞         Spirit   .   d - +0 helmet
rElec    +         Reflect  .   u - +1 cloak
rCorr    .         Harm     .   (no gloves)
MR       .....                  (no boots)
Stlth    ..........             (no amulet)
Regen    0.2/turn               j - ring of flight
MPRegen  0.2/turn               l - ring of magical power

@: no status effects
A: negative energy resistance 1, electricity resistance, unbreathing,
petrification resistance, rot immunity, AC +4
a: Berserk, Trog's Hand, Burn Spellbooks, Renounce Religion, Evoke Flight


You were on level 4 of the Dungeon.
You worshipped Trog.
Trog was most pleased with you.
You were very hungry.

You visited 1 branch of the dungeon, and saw 4 of its levels.

You collected 187 gold pieces.

Inventory:

Hand Weapons
 s - a +0 flail (weapon)
Missiles
 f - 7 javelins
 r - 2 throwing nets (quivered) {!f}
Armour
 a - a +0 ring mail of poison resistance
 d - a +0 helmet (worn)
 t - a +1 plate armour (worn)
 u - a +1 cloak (worn)
Jewellery
 j - a ring of flight (left hand)
 l - a ring of magical power (right hand)
Scrolls
 e - a scroll of fog
 h - a scroll of amnesia
 i - 6 scrolls of identify {unknown}
 k - a scroll of remove curse {@r2}
 q - a scroll of immolation {unknown}
 y - a scroll of random uselessness {unknown}
 z - a scroll of recharging
Potions
 b - a potion of agility {unknown}
 g - a potion of haste {@q3}
 n - a potion of cancellation {unknown}
 o - a potion of resistance {unknown}
 p - 3 potions of lignification {unknown}
 v - a potion of degeneration {unknown}
 w - a potion of curing {unknown}
 x - a potion of invisibility {unknown}
Comestibles
 c - 6 bread rations
 m - 2 meat rations


   Skills:
 * Level 5.7 Fighting
 * Level 4.9 Maces & Flails
 + Level 2.9 Armour
 - Level 1.5 Dodging


You had 5 spell levels left.
You didn't know any spells.

Dungeon Overview and Level Annotations

Branches:
Dungeon (4/15)
 Temple: D:4-7

Altars:
Cheibriados
The Shining One

Annotations:
D:3 1 runed door


Innate Abilities, Weirdness & Mutations

You are resistant to torment.
Your stone body is resilient. (AC +4)
You are immune to poison.
You resist negative energy. (rN+)
You are resistant to electric shocks. (rElec)
You can survive without breathing.
You are immune to petrification.
You are immune to rotting.


Message History

No target in view!
No target in view!
No target in view!
No target in view!
Found a leather armour.
z - a scroll of recharging
Found 29 bolts and a leather armour.
An ogre comes into view. It is wielding a giant club.
The ogre shouts!
You see here a scroll labeled CYMPIA JESEEG.
An ogre is nearby!
The ogre barely misses you.
You completely miss the ogre. The ogre hits you with a giant club!
You hit the ogre but do no damage. The ogre barely misses you.
You barely miss the ogre. The ogre hits you with a giant club!
* * * LOW HITPOINT WARNING * * *
You hit the ogre. The ogre hits you with a giant club!
* * * LOW HITPOINT WARNING * * *
You thump the ogre! The ogre hits you with a giant club.
You die...

#..........#
#....<.....#
#..........#
##......###
#........########
#................
#####.###....?......#
#....>..+[..........+
+..
#.#######O@.........#
#.. #.#
#...............#####..
#.#
#.....###.......##.....
#.# #.....#
#.......##..... #.#
#..(..# #...[...##.....
#.# #.....
#.......##..... #.#
#..... ....... #.....
#.# #..... .... #.....
#.# #.....


You could see an ogre.

Vanquished Creatures
  An ogre (D:4)
  A bullfrog skeleton (D:4)
  Natasha (D:2)
  3 gnolls
  3 adders
  2 worms (D:2)
  2 dart slugs
  2 leopard geckos
  5 giant cockroaches
  11 goblins
  10 hobgoblins
  A quokka (D:2)
  A ball python (D:2)
  8 bats
  5 frilled lizards
  7 kobolds
  10 rats
73 creatures vanquished.

Notes
Turn   | Place    | Note
-------+----------+-------------------------------------------
     0 | D:1      | BrendanD the Gargoyle Berserker began the quest for the Orb.
     0 | D:1      | Reached XP level 1. HP: 14/14 MP: 1/1
   165 | D:1      | Reached XP level 2. HP: 20/20 MP: 2/2
   272 | D:1      | Reached skill level 4 in Fighting
   482 | D:1      | Reached XP level 3. HP: 20/24 MP: 3/3
   665 | D:2      | Reached ** piety under Trog
   940 | D:2      | Reached XP level 4. HP: 21/30 MP: 4/4
  1250 | D:2      | Found a snail-covered altar of Cheibriados.
  1392 | D:2      | Noticed Natasha
  1399 | D:2      | Killed Natasha
  1399 | D:2      | Reached skill level 5 in Fighting
  1686 | D:2      | Reached XP level 5. HP: 31/35 MP: 5/5
  1954 | D:3      | Reached *** piety under Trog
  1973 | D:3      | Found a glowing golden altar of the Shining One.
  1973 | D:3      | Found a runed door.
  1973 | D:3      | Noticed an angel
  2455 | D:4      | Noticed an ogre
  2468 | D:4      | Killed an ogre
  2468 | D:4      | Reached XP level 6. HP: 20/40 MP: 6/6
  2706 | D:4      | Slain by an ogre

Skill      XL: |  1  2  3  4 |
---------------+-------------+-----
Fighting       | 4 5 |  5.7
Maces & Flails | 4 |  4.9
Armour         | |  2.9
Dodging        | |  1.5

Action                   |  1- 3 |  4- 6 || total
-------------------------+-------+-------++-------
Melee: Mace              |    97 |    25 ||   122
       Flail             |       |   149 ||   149
Invok: Berserk           |       |     1 ||     1
  Use: Scroll            |       |     5 ||     5
  Eat: Chunk             |       |     6 ||     6
Armor: Animal skin       |    43 |     7 ||    50
       Ring mail         |       |    15 ||    15
       Plate armour      |       |   108 ||   108
Dodge: Dodged            |    65 |    84 ||   149
